 Dungeon Crawl Stone Soup version 0.15.2 (webtiles) character file.

102 MistressOfTheSands the Insei (level 4, -3/35 HPs)
             Began as a Mummy Monk on Nov 9, 2015.
             Killed by divine providence
             ... invoked by an orc priest
              (12 damage)
             ... on Level 3 of the Dungeon.
             The game lasted 00:05:28 (3166 turns).

MistressOfTheSands the Insei (Mummy Monk)           Turns: 3166, Time: 00:05:28

HP  -3/35        AC  3     Str 14      XL: 4   Next: 49%
MP   4/4         EV 13     Int  9      God:
Gold 97          SH  0     Dex 15      Spells:  0 memorised,  3 levels left

rFire  x . .     SeeInvis .       - Unarmed
rCold  + . .     Clarity  .     a - +0 robe
rNeg   + + +     rCorr    .     (no shield)
rPois  +         rRot     +     (no helmet)
rElec  .         Spirit   .     (no cloak)
SustAb .         Warding  .     (no gloves)
rMut   .         Stasis   .     k - +0 pair of boots
Gourm  .                        (no amulet)
MR     .....                    (no ring)
                                (no ring)

@: not resistant to hostile enchantments, unstealthy
A: no food or potions, fire vulnerability, restore body, cold resistance 1,
negative energy resistance 3, poison resistance, torment resistance, unbreathing
a: no special abilities


You were on level 3 of the Dungeon.
You were not hungry.

You visited 1 branch of the dungeon, and saw 3 of its levels.

You collected 97 gold pieces.


Innate Abilities, Weirdness & Mutations

You do not eat or drink.
Your flesh is vulnerable to fire.
Your flesh is cold resistant.
You are immune to negative energy.
Your system is resistant to poisons.
You are immune to unholy pain and torment.
You can survive without breathing.


   Skills:
 - Level 3.0 Fighting
 - Level 2.4 Dodging
 - Level 1.5 Stealth
 + Level 4.9 Unarmed Combat


You had 3 spell levels left.
You didn't know any spells.

Inventory:

Armour
 a - a +0 robe (worn)
 k - a +0 pair of boots (worn)
Comestibles
 d - a royal jelly
 f - 4 fruits (quivered) {THE SWEETEST GRAPES}
 i - a bread ration
 j - 2 meat rations
Scrolls
 b - a scroll of teleportation {unknown}
 c - 3 scrolls of identify {unknown}
 e - 2 scrolls of fog {unknown}
 g - a scroll of magic mapping {unknown}
 h - a scroll of enchant armour {unknown}

Dungeon Overview and Level Annotations

Branches:
Dungeon (3/15)

Altars:

Annotations:
D:1 I'LL AVENGE MY BROTHER THIS TIME
D:2 exclusion: downstairs
D:3 Sigmund

#.#.#.# #.# #.#%#.# #.#
#.#.#.## #.# #.#....#####
#.### #<#..#.....# #...##
#.##...###.########.<.####.#
#.###.## #.##..............#
#%# #.# #.##.#####...######
#.# #)####.##M### ##.##
#.###o....o.o...# #.#
#.#.............# #.# ##
#.#.######.##.>.# #.#
...#£#.# #..#...# #.#
...£...# ##.#..... ..#
#.###o.# .#..#### ## # #).#
....# #..# .##.#


You could see an orc priest and 2 orcs.


Message History

You see here 7 gold pieces.
An orc comes into view. It is wielding a mace.
You barely miss the orc. You hit the orc.
The orc is heavily wounded.
The orc hits you but does no damage.
You hit the orc.
You kill the orc!
The orc closely misses you.
An orc comes into view. It is wielding a hand axe.
Things that are here:
a club; a dented blue amulet You hit the orc but do no damage.
The orc hits you with a mace.
You hit the orc.
The orc is heavily wounded.
An orc priest comes into view. It is wielding a mace.
You hit the orc.
The orc is almost dead.
The orc hits you with a mace.
The orc priest mumbles some strange prayers to Beogh against you.
Something smites you!
Found a stone staircase leading down.
The orc priest calls upon Beogh to heal the orc.
The orc is healed somewhat.
The orc priest invokes the aid of Beogh against you.
Something smites you!
* * * LOW HITPOINT WARNING * * *
The orc priest calls down the wrath of Beogh upon you.
Something smites you!
You die...

Action                   |  1- 3 |  4- 6 || total
-------------------------+-------+-------++-------
Melee: Unarmed           |   200 |    46 ||   246
 Stab: Sleeping          |     1 |       ||     1

Vault maps used:
D:1:      minmay_arrival_four_houses, kennysheep_small_spiral
D:3:      nemelex_deck, uniq_sigmund, uniq_jessica

Notes
Turn   | Place    | Note
--------------------------------------------------------------
     0 | D:1      | MistressOfTheSands, the Mummy Monk, began the quest for the Orb.
     0 | D:1      | Reached XP level 1. HP: 18/18 MP: 1/1
   463 | D:1      | Reached XP level 2. HP: 18/24 MP: 2/2
   865 | D:1      | Reached skill level 4 in Unarmed Combat
  1077 | D:1      | Reached XP level 3. HP: 25/29 MP: 3/3
  2283 | D:2      | Reached XP level 4. HP: 21/35 MP: 4/4
  2920 | D:3      | Noticed Sigmund
  3166 | D:3      | Killed from afar by an orc priest

Vanquished Creatures
  2 adders (D:2)
  A gnoll (D:2)
  A giant mite (D:2)
  2 worms (D:2)
  A giant gecko (D:1)
  An ooze (D:1)
  2 orcs (D:3)
  2 giant cockroaches
  5 goblins
  10 hobgoblins
  2 jackals (D:1)
  4 kobolds
  7 bats
  5 giant newts
  9 rats
54 creatures vanquished.
